 Dungeon Crawl Stone Soup version 0.29-a0-322-g68df515 (webtiles) character file.

Game seed: 2324096347731421401

702 Toastz the Slasher (level 7, -2/46 HPs)
             Began as an Octopode Transmuter on Apr 7, 2022.
             Slain by a killer bee (6 damage)
             ... on level 4 of the Dungeon.
             The game lasted 00:22:13 (5429 turns).

Toastz the Slasher (Octopode Transmuter)            Turns: 5429, Time: 00:22:14

Health: -2/46      AC:  1    Str: 11    XL:     7   Next: 66%
Magic:  9/10       EV: 13    Int: 16    God:
Gold:   344        SH:  0    Dex: 12    Spells: 6/10 levels left

rFire   . . .      SeeInvis .   a - +0 demon blade (elec)
rCold   . . .      Faith    .   (no shield)
rNeg    . . .      Spirit   .   (helmet currently unavailable)
rPois   +          Reflect  .   F - amulet of the acrobat
rElec   .          Harm     .   n - ring of poison resistance
rCorr   .          Rampage  .   E - +4 ring of slaying
Will    .....                   (no ring)
Stlth   +++.......              (no ring)
HPRegen 0.15/turn               (no ring)
MPRegen 0.12/turn               (no ring)
                                (no ring)
                                (no ring)

@: appendages (expiring), attractive
A: tentacle spike 3, almost no armour, amphibious, 8 rings, camouflage 1,
gelatinous body 1, (nimble swimmer 1), tentacles
a: End Transformation


You were on level 4 of the Dungeon.
One of your tentacles had grown a beastly spike.
You visited 1 branch of the dungeon, and saw 5 of its levels.
You also visited: Sewer.

You collected 344 gold pieces.

Inventory:

Hand Weapons
 a - a +0 demon blade of electrocution (weapon)
 b - a +0 hunting sling
 t - a +0 rapier
Missiles
 c - 79 stones
 h - 15 poisoned darts
 G - 4 boomerangs (quivered)
Magical Staves
 w - a staff of conjuration
 H - a staff of death
Jewellery
 n - a ring of poison resistance (left tentacle)
 E - a +4 ring of slaying (right tentacle)
 F - an amulet of the acrobat (around mantle)
Wands
 u - a wand of acid (10)
 v - a wand of iceblast (13)
Scrolls
 d - a scroll of holy word {unknown}
 j - 2 scrolls of vulnerability
 k - a scroll of acquirement {unknown}
 o - a scroll of immolation {unknown}
 p - a scroll of teleportation
 q - a scroll of amnesia
 r - a scroll of noise {unknown}
 s - 2 scrolls of blinking {unknown}
 x - a scroll of enchant weapon {unknown}
 y - 2 scrolls of summoning {unknown}
 z - a scroll of magic mapping {unknown}
 C - a scroll of fog {unknown}
 D - a scroll of identify
Potions
 e - a potion of haste
 f - a potion of heal wounds {unknown}
 g - a potion of magic {unknown}
 i - a potion of might {unknown}
 m - a potion of curing {unknown}
 A - a potion of invisibility {unknown}
 B - a potion of berserk rage {unknown}


   Skills:
 + Level 3.4 Fighting
 + Level 5.1 Long Blades
 - Level 3.0 Dodging
 - Level 2.0 Stealth
 - Level 4.3 Unarmed Combat
 - Level 2.0 Spellcasting
 - Level 2.0 Transmutations
 - Level 3.0 Poison Magic


You had 6 spell levels left.
You knew the following spells:

 Your Spells              Type           Power      Damage    Failure   Level
a - Beastly Appendage     Tmut           16%        N/A       9%          1
b - Wereblood             Tmut           8%         N/A       14%         2
c - Sting                 Tmut/Pois      36%        1d4       8%          1

Your spell library contained the following spells:

 Spells                   Type           Power      Damage    Failure   Level
 Poisonous Vapours        Pois/Air       12%        N/A       17%         2
 Passwall                 Tmut/Erth      3%         N/A       21%         2
 Spider Form              Tmut/Pois      9%         N/A       22%         3
 Ensorcelled Hibernation  Hex/Ice        2%         N/A       30%         2
 Call Canine Familiar     Summ           1%         N/A       52%         3
 Portal Projectile        Hex/Tloc       2%         N/A       52%         3
 Swiftness                Air            1%         N/A       52%         3
 Olgreb's Toxic Radiance  Pois           11%        N/A       52%         4
 Ice Form                 Ice/Tmut       4%         N/A       80%         4
 Leda's Liquefaction      Hex/Erth       0%         N/A       90%         4


Dungeon Overview and Level Annotations

Branches:
Dungeon (5/15)              Sewer (visited)
 Temple: D:4-7

Altars:
Kikubaaqudgha

Annotations:
D:3 1 runed translucent door, alcopop's ghost, amateur NaWz


Innate Abilities, Weirdness & Mutations

One of your tentacles has grown a beastly spike.
You cannot wear most types of armour.
You are amphibious.
You can wear up to eight rings at the same time.
Your skin changes colour to match your surroundings (Stealth+).
Your rubbery body absorbs attacks. (AC +1, EV +1)
((You are camouflaged when in or above water. (Stealth+)))
You have tentacles for arms and can constrict up to eight enemies at once.


Message History

The killer bee stings you. The killer bee completely misses you.
There is a stone staircase leading up here.
The killer bee stings you but does no damage.
You climb upwards.
There is a stone staircase leading down here.
No target in view!
You start resting.
HP restored.
You climb downwards.
The killer bee barely misses you. x3
The killer bee misses you.
There is a stone staircase leading up here.
The killer bee stings you. x2; The killer bee stings you!
The killer bee misses you.
The killer bee buzzes angrily. x2
You climb upwards.
There is a stone staircase leading down here.
You miss the killer bee. Your grab misses the killer bee.
The killer bee is moderately wounded.
The killer bee stings you. The killer bee stings you!
The killer bee misses you. The killer bee barely misses you.
Casting: Wereblood (safe; 14% risk of failure)
Confirm with . or Enter, or press ? or * to list all spells.
One of your tentacles grows a vicious spike.
Your transformation is almost over.
The killer bee closely misses you. x2; The killer bee misses you.
The killer bee closely misses you.
You hit the killer bee. Your grab misses the killer bee.
Your tentacle spike misses the killer bee.
The killer bee is heavily wounded.
The killer bee closely misses you. The killer bee stings you!
* * * LOW HITPOINT WARNING * * *
The killer bee stings you.
* * * LOW HITPOINT WARNING * * *
The killer bee stings you.
* * * LOW HITPOINT WARNING * * *
Okay, then.
It was a potion of attraction.
You feel attractive to monsters. The killer bee stings you.
You die...

..# #.# ##.##.# #.....# .##
#########..#.####.....#######
.#
##.≈.≈≈≈≈##.#.#........'......
.#
#≈#######.#.#.#.##........####
.#
#≈##≈≈.≈#≈#...#.#########.##
## #≈#≈###≈#.#...#.# #..# #
#≈##..#≈#≈#..^#.# ##.##
####≈#####≈#≈#.yy#.# #..#
...##≈≈.≈≈##≈#.#@#.# ##.##
.#..########≈#.###.# #..#
...#≈≈.≈≈≈≈≈##.# #.# ##.#
...###########.# #.# #.. ....#
#.#.# #.# ##. .##.# #.#.# #.#
#. .##.# #.#.###.# #. .##.#
#.#...#.# ## ###.# #.###.#.# #


You could see 2 killer bees.

Vanquished Creatures
  An ogre (D:4)
  Pargi (Sewer)
  2 phantoms (D:4)
  An orc priest (D:4)
  2 jellies (D:5)
  An orc wizard (D:4)
  2 iguanas (D:4)
  3 gnolls (D:4)
  7 adders
  A white imp (D:4)
  3 worms
  7 orcs
  6 bats
  5 endoplasms
  7 giant cockroaches
  3 goblins
  7 hobgoblins
  4 jackals (D:5)
  6 quokkas
  15 ball pythons
  15 frilled lizards
  6 kobolds (D:1)
  11 rats
116 creatures vanquished.

Vanquished Creatures (others)
  2 fungi (D:1)
  3 toadstools (D:1)
5 creatures vanquished.

Grand Total: 121 creatures vanquished

Notes
Turn   | Place    | Note
-------+----------+-------------------------------------------
     0 | D:1      | Toastz the Octopode Transmuter began the quest for the Orb.
     0 | D:1      | Reached XP level 1. HP: 13/13 MP: 3/3
   126 | D:1      | Reached XP level 2. HP: 18/18 MP: 3/5
   189 | D:1      | Learned a level 2 spell: Wereblood
   654 | D:1      | Reached XP level 3. HP: 22/24 MP: 4/6
   863 | D:1      | Learned a level 1 spell: Sting
  1338 | D:2      | Reached XP level 4. HP: 7/29 MP: 4/7
  1761 | D:2      | Reached skill level 1 in Poison Magic
  2148 | D:3      | Found a runed translucent door.
  2232 | D:3      | Found an ancient bone altar of Kikubaaqudgha.
  2880 | D:3      | Noticed alcopop's ghost (amateur NaWz)
  2958 | D:4      | Reached skill level 1 in Long Blades
  2958 | D:4      | Reached XP level 5. HP: 30/36 MP: 6/8
  3058 | D:4      | Reached skill level 2 in Long Blades
  3221 | D:4      | Found a glowing drain.
  3302 | Sewer    | Entered a sewer
  3434 | Sewer    | Noticed Pargi
  3685 | Sewer    | Killed Pargi
  3686 | Sewer    | Reached skill level 3 in Long Blades
  3686 | Sewer    | Reached XP level 6. HP: 32/42 MP: 7/9
  4324 | D:4      | Reached skill level 4 in Long Blades
  4324 | D:4      | Reached XP level 7. HP: 11/46 MP: 10/10
  5049 | D:4      | Reached skill level 5 in Long Blades
  5049 | D:4      | Reached skill level 1 in Stealth
  5271 | D:5      | Entered Level 5 of the Dungeon
  5429 | D:4      | Slain by a killer bee

Illustrated notes

Levels and vault maps discovered:
D:1:      nzn_arrival_depleted_hourglass, layout_basic, minmay_gold_behind_fungi
D:2:      layout_basic, columned_hall_lemuel
D:3:      cheibrodos_old_hovel, layout_rooms, amcnicky_altar_gilded,
          ebering_ghost_reflecting_pool, mrwooster_statue_mirror,
          serial_bayou_pond_d
D:4:      layout_basic, gup_sewer_entry_spiral, st_stairs_13,
          minmay_pentomino_pile
D:5:      layout_rooms

Skill      XL: |  1  2  3  4  5  6  7 |
---------------+----------------------+-----
Unarmed Combat | 4 |  4.3
Fighting       | 2 3 |  3.4
Poison Magic   | 1 2 3 |  3.0
Long Blades    | 1 3 4 5 |  5.1
Dodging        | 3 |  3.0
Stealth        | 2 |  2.0
Spellcasting   | |  2.0
Transmutations | |  2.0

Action                   |  1- 3 |  4- 6 |  7- 9 || total
-------------------------+-------+-------+-------++-------
Melee: Unarmed           |    88 |    14 |       ||   102
       Kick              |    20 |    14 |     4 ||    38
       Constrict         |    32 |    15 |     2 ||    49
       Tentacles         |    10 |     9 |       ||    19
       Punch             |     3 |     3 |       ||     6
       Demon blade       |       |    79 |    20 ||    99
 Fire: Hunting sling     |       |    22 |       ||    22
Throw: Stone             |    22 |     5 |       ||    27
       Boomerang         |       |       |    12 ||    12
 Cast: Beastly Appendage |    32 |    20 |     5 ||    57
       Wereblood         |     2 |       |     2 ||     4
       Sting             |       |       |     5 ||     5
Evoke: Wand              |       |     2 |       ||     2
  Use: Potion            |     1 |     1 |     1 ||     3
       Scroll            |       |     3 |       ||     3
 Stab: Sleeping          |     7 |    10 |       ||    17
       Distracted        |       |     1 |       ||     1
Armor: Skin              |    14 |     4 |     1 ||    19
Dodge: Dodged            |    60 |    87 |    19 ||   166

Table legend: (Time is in decaauts)
 A = Elapsed time spent in this place.
 B = Non-inter-level travel time spent in this place.
 C = Inter-level travel time spent in this place.
 D = Time resting spent in this place.
 E = Time spent auto-exploring this place.
 F = Levels seen in this place.
 G = Mean time per level.
                   A        B        C        D        E       F      G
               +--------+--------+--------+--------+--------+-----+--------+
         Total |   5431 |   5263 |    168 |   1598 |   2385 |   6 |  905.2 |
       Dungeon |   4944 |   4776 |    168 |   1378 |   2275 |   5 |  988.8 |
         Sewer |    487 |    487 |      0 |    220 |    110 |   1 |  487.0 |
               +--------+--------+--------+--------+--------+-----+--------+

Top non-repeatable levels by time:
     D:4: 1460 daAuts
     D:3: 1286 daAuts
     D:1: 1147 daAuts
     D:2: 919 daAuts
   Sewer: 487 daAuts
     D:5: 131 daAuts
